 Dungeon Crawl Stone Soup version 0.26-a0-606-g3c8f2f65f7 (webtiles) character file.

Game seed: 6118733240712372826

124174 Hastur the Bringer of Light (level 17, -7/142 HPs)
             Began as a Human Delver on Aug 31, 2020.
             Was the Champion of the Shining One.
             Mangled by a salamander
             ... wielding a +0 halberd
              (14 damage)
             ... on level 1 of the Snake Pit on Sept 2, 2020.
             The game lasted 02:23:03 (57677 turns).

Hastur the Bringer of Light (Human Delver)         Turns: 57677, Time: 02:23:04

Health: -7/142     AC: 27    Str: 18    XL:     17   Next: 47%
Magic:  29/29      EV: 12    Int: 12    God:    the Shining One [******]
Gold:   4170       SH:  5    Dex: 15    Spells: 16/16 levels left

rFire    . . .     SeeInvis .   h - +3 scimitar (freeze)
rCold    . . .     Faith    +   L - +0 buckler
rNeg     + + +     Spirit   .   x - +8 plate armour "Ziofutoj" {rPois}
rPois    +         Reflect  .   S - +0 helmet
rElec    .         Harm     .   Y - +0 cloak {rPois}
rCorr    .                      B - +0 pair of gloves
MR       +....                  Z - +2 pair of boots {Fly}
Stlth    ..........             D - amulet of faith {!P}
HPRegen  0.33/turn              R - +4 ring of evasion
MPRegen  0.21/turn              T - +4 ring of slaying

@: lethally poisoned (-7 -> -12), about to teleport, corroded, flying, slowed,
glowing, constricted, very slow
A: no striking features
a: Divine Shield, Cleansing Flame, Summon Divine Warrior, Brand Weapon With Holy
Wrath, Renounce Religion, Stop Flying


You were on level 1 of the Snake Pit.
You worshipped the Shining One.
The Shining One was exalted by your worship.
You visited 5 branches of the dungeon, and saw 25 of its levels.
You also visited: Ice Cave.

You collected 6257 gold pieces.
You spent 2087 gold pieces at shops.

Inventory:

Hand Weapons
 a - a +2 long sword of electrocution
   (You took it off an orc high priest on level 1 of the Orcish Mines)
 b - a +3 dagger of venom
   (You took it off a goblin on level 3 of the Dungeon)
 h - a +3 scimitar of freezing (weapon)
   (You took it off a wight on level 13 of the Dungeon)
 P - a +1 scimitar of flaming
   (You took it off Erica on level 10 of the Dungeon)
Missiles
 g - 847 stones
 t - 58 poisoned darts (quivered)
 y - a throwing net {!f}
 O - 9 curare-tipped darts {!f}
Armour
 x - the +8 plate armour "Ziofutoj" (worn) {rPois}
   (You bought it in a shop on level 2 of the Orcish Mines)

   It protects you from poison.
 B - a +0 pair of gloves (worn)
   (You found it on level 6 of the Dungeon)
 C - +0 acid dragon scales
   (You found it on level 13 of the Dungeon)
 F - a +2 ring mail of magic resistance
   (You took it off an orc on level 4 of the Dungeon)
 L - a +0 buckler (worn)
   (You took it off a gnoll sergeant on level 5 of the Dungeon)
 S - a +0 helmet (worn)
   (You found it on level 11 of the Dungeon)
 Y - a +0 cloak of poison resistance (worn)
   (You bought it in a shop on level 2 of the Orcish Mines)
 Z - a +2 pair of boots of flying (worn)
   (You bought it in a shop on level 2 of the Orcish Mines)
Jewellery
 e - an uncursed amulet of regeneration
   (You took it off an orc on level 10 of the Dungeon)
 i - an uncursed ring of protection from fire
   (You found it on level 2 of the Dungeon)
 o - an uncursed ring of protection from cold
   (You found it on level 4 of the Lair of Beasts)
 A - an uncursed ring of protection from fire
   (You found it on level 10 of the Dungeon)
 D - an amulet of faith (around neck) {!P}
   (You found it on level 5 of the Dungeon)
 R - a +4 ring of evasion (left hand)
   (You found it in an ice cave)
 T - a +4 ring of slaying (right hand)
   (You found it on level 5 of the Lair of Beasts)
 X - a +6 ring of strength
   (You found it on level 1 of the Lair of Beasts)
Wands
 d - a wand of iceblast (18)
   (You found it on level 2 of the Dungeon)
 u - a wand of paralysis (10)
   (You found it on level 7 of the Dungeon)
 v - a wand of digging (6)
 G - a wand of enslavement (3)
   (You took it off Ijyb on level 4 of the Dungeon)
Scrolls
 c - 5 scrolls of fog
 k - a scroll of blinking
 l - 4 scrolls of enchant armour
 n - 2 scrolls of magic mapping
 r - 8 scrolls of teleportation {@r4}
 w - 2 scrolls of identify {@r1}
 E - 3 scrolls of noise {!r}
 H - 3 scrolls of enchant weapon
 K - 9 scrolls of remove curse {@r2}
 Q - a scroll of vulnerability {!r}
 W - a scroll of holy word
Potions
 f - 5 potions of haste {@q3}
 j - 6 potions of brilliance
 m - a potion of heal wounds {@q2}
 p - 2 potions of mutation {!q}
 q - 5 potions of lignification {!q}
 I - 5 potions of might
 J - a potion of berserk rage
 M - 5 potions of curing {@q1}
 N - 8 potions of ambrosia
 U - 2 potions of flight
Miscellaneous
 s - a lightning rod (4/4) {!a}
   (You found it on level 2 of the Lair of Beasts)


   Skills:
 - Level 15.0 Fighting
 + Level 13.4 Long Blades
   Level 4.0 Maces & Flails
 - Level 12.0 Armour
 - Level 10.0 Dodging
 - Level 5.0 Stealth
 - Level 4.0 Shields
 - Level 16.0 Invocations


You had 16 spell levels left.
You didn't know any spells.
Your spell library contained the following spells:

 Spells                   Type           Power        Failure   Level
 Apportation              Tloc           #.....       99%         1
 Freeze                   Ice            #...         99%         1
 Confusing Touch          Hex            #.......     100%        3
 Frozen Ramparts          Ice            #.....       100%        3
 Gell's Gravitas          Tloc           #.........   100%        3
 Lesser Beckoning         Tloc           #.........   100%        3
 Ozocubu's Armour         Ice            #.......     100%        3
 Tukima's Dance           Hex            #.......     100%        3
 Cause Fear               Hex            #.........   100%        4
 Hailstorm                Conj/Ice       #.......     100%        4
 Petrify                  Tmut/Erth      #.......     100%        4
 Summon Ice Beast         Ice/Summ       #.......     100%        4
 Alistair's Intoxication  Tmut/Pois      #........    100%        5
 Metabolic Englaciation   Hex/Ice        #.........   100%        5
 Silence                  Hex/Air        #.........   100%        5
 Yara's Violent Unravell  Hex/Tmut       #.........   100%        5
 Invisibility             Hex            #.......     100%        6
 Discord                  Hex            #.........   100%        8


Dungeon Overview and Level Annotations

Branches:
Dungeon (15/15)            Temple (1/1) D:4            Lair (6/6) D:11
  Swamp (0/4) Lair:2        Snake (1/4) Lair:4        Slime (0/5) Lair:6
    Orc (2/2) D:11            Elf (0/3) Orc:2        Vaults (0/5) D:13
 Depths (0/5) D:15          IceCv (visited)

Altars:
Ashenzari
Cheibriados
Dithmenos
Elyvilon
Fedhas
Gozag
Hepliaklqana
Kikubaaqudgha
Makhleb
Nemelex Xobeh
Okawaru
Qazlal
Ru
Sif Muna
Trog
Uskayaw
Vehumet
Wu Jian
Xom
Yredelemnul
Zin
The Shining One
Beogh
Jiyva

Shops:
D:6 !   D:10 !   D:12 *   Orc:2 [}[**

Portals:
Pandemonium: Orc:2

Annotations:
D:13 3 runed translucent doors
D:14 1 runed translucent door, Gichani's ghost, journeyman OpVM
Orc:1 3 runed translucent doors, Tinttamiau's ghost, journeyman DrAE


Message History

The naga mage barely misses you.
The salamander hits you with a +0 halberd!
You are engulfed in flames!
* * * LOW HITPOINT WARNING * * *
The naga warrior hits you but does no damage.
The naga warrior constricts you.
You slash the naga warrior! You freeze the naga warrior.
You feel sick. The naga hits you with a +0 dire flail.
* * * LOW HITPOINT WARNING * * *
You block the naga mage's attack. The naga barely misses you.
The salamander hits you but does no damage.
The naga mage hits you but does no damage.
The naga warrior spits poison at you.
The splash of poison hits you but does no damage.
You resist. The naga warrior constricts you.
As you read the scroll of teleportation {@r4}, it crumbles to dust.
You feel strangely unstable.
You feel sick. The naga hits you but does no damage.
The naga mage hits you but does no damage.
The naga closely misses you. The salamander barely misses you.
The naga warrior barely misses you.
* * * LOW HITPOINT WARNING * * *
The naga warrior constricts you.
The naga mage hits you from afar with a +0 halberd!
* * * LOW HITPOINT WARNING * * *
You slash the naga warrior! You freeze the naga warrior.
You feel sick. The naga spits poison at you. You block the splash of poison.
A naga comes into view. It is wielding a +0 scimitar.
The naga mage hits you but does no damage.
The salamander zaps a wand.
The bolt of acid hits you.
* * * LOW HITPOINT WARNING * * *
The acid corrodes you!
You are splashed with acid!
* * * LOW HITPOINT WARNING * * *
The naga warrior hits you but does no damage.
* * * LOW HITPOINT WARNING * * *
The naga warrior constricts you. The naga hits you with a +0 dire flail.
* * * LOW HITPOINT WARNING * * *
Unknown command.
You hit the naga warrior but do no damage.
You feel sick.
The naga mage hits you from afar with a +0 halberd.
* * * LOW HITPOINT WARNING * * *
The naga hits you with a +0 dire flail.
* * * LOW HITPOINT WARNING * * *
The salamander hits you with a +0 halberd!
* * * LOW HITPOINT WARNING * * *
You are engulfed in flames!
You die...

###...# ##.......#
#.....# #.......#
#.....###.......#
#...)##........##
#....N....##....#
#........###..... .
##.......###.....
....#####....>..........
....NNN@N.##...###).....
.....N##N#####.# ##.....
..... ### ### ###...
...# ###. .. #. # #. ##


You could see a naga warrior (catching breath), a salamander, a naga mage (fast)
and 4 nagas.

Vanquished Creatures
  Jorgrun (D:13)
  Frances (D:12)
  A yaktaur captain (D:13)
  A fire dragon (Lair:2)
  Josephine (D:12)
  Fannar (D:12)
  3 naga warriors (Snake:1)
  A rakshasa (D:15)
  An ice dragon (IceCv)
  7 hydras
  2 anacondas
  3 two-headed ogres
  A catoblepas (Lair:6)
  Erica (D:10)
  3 centaur warriors
  6 orc high priests
  A shock serpent (Lair:4)
  2 soul eaters
  Sonja (D:12)
  A sun demon (Orc:2)
  A salamander mystic (Lair:4)
  4 unseen horrors
  4 slime creatures (D:15)
  A gelid demonspawn (Orc:2)
  A glowing orange brain (D:15)
  5 orc knights
  A naga ritualist (Lair:4)
  A lindwurm (shapeshifter) (D:15)
  A harpy (shapeshifter) (D:15)
  3 mana vipers
  3 deep elf magi
  12 ugly things
  2 manticores
  2 salamanders (Snake:1)
  A manticore (shapeshifter) (D:15)
  7 orc sorcerers
  5 elephants
  5 cyclopes
  2 guardian serpents (Snake:1)
  2 smoke demons (Orc:2)
  2 ice statues (IceCv)
  5 black mambas
  3 gargoyles
  5 naga magi
  20 cane toads
  2 orange demons (Orc:2)
  5 rime drakes
  Maggie (Lair:1)
  A torpor snail (Lair:2)
  11 komodo dragons
  5 kobold demonologists
  An efreet (D:11)
  A redback zombie (D:14)
  2 yaktaurs (D:13)
  A queen bee (Lair:4)
  3 meliai (Lair:4)
  10 trolls
  5 tyrant leeches (Lair:6)
  A polar bear (Lair:4)
  8 hippogriffs
  A meliai zombie (D:15)
  15 dream sheep
  28 blink frogs
  A centaur simulacrum (D:14)
  A bog body (Lair:1)
  3 shadows
  8 wraiths
  69 yaks
  A water elemental (D:14)
  6 wyverns
  A vampire (D:14)
  Eustachio (D:4)
  8 vampire mosquitoes
  A steam dragon (D:12)
  Grum (D:5)
  3 basilisks
  Menkaure (D:4)
  A harpy simulacrum (D:14)
  2 soldier ants
  2 acid dragons
  11 nagas
  5 swamp worms
  Edmund (D:4)
  2 wargs (Orc:1)
  15 porcupines
  19 ice beasts
  10 water moccasins
  A hornet zombie (D:12)
  5 sky beasts
  A black bear (D:12)
  2 eyes of draining
  29 orc warriors
  A necrophage (D:12)
  8 ogres
  9 wolves
  5 phantoms
  18 crocodiles
  14 centaurs
  4 big kobolds
  Blork the orc (D:6)
  19 bullfrogs
  A gnoll sergeant (D:5)
  A scorpion (D:6)
  45 killer bees
  A howler monkey (D:10)
  9 wights
  An electric eel (Lair:2)
  5 centaur zombies
  12 hounds
  A quasit (D:9)
  5 jellies
  23 orc wizards
  A bullfrog zombie (D:12)
  31 orc priests
  A gnoll shaman (D:5)
  9 centaur skeletons
  3 bullfrog skeletons
  Terence (D:2)
  Ijyb (D:4)
  2 iguanas
  A hell rat (Lair:6)
  8 worker ants
  A hound skeleton (D:10)
  A worker ant zombie (D:9)
  15 adders
  7 gnolls
  A howler monkey skeleton (D:7)
  8 river rats (Lair:6)
  3 shadow imps
  A white imp (D:14)
  An ooze (D:1)
  An adder skeleton (D:4)
  2 worms (D:2)
  3 dart slugs
  76 orcs
  4 ball pythons
  3 bats (D:1)
  A giant cockroach (D:6)
  4 goblins
  8 hobgoblins
  12 jackals
  17 kobolds
  4 quokkas
  9 frilled lizards
  A leopard gecko skeleton (D:5)
  2 quokka skeletons
  A quokka zombie (D:9)
  9 rats
885 creatures vanquished.

Vanquished Creatures (collateral kills)
  An ice dragon (IceCv)
1 creature vanquished.

Vanquished Creatures (others)
  A rime drake (IceCv)
  A bush (D:11)
  64 fungi
  152 plants
  10 withered plants (D:2)
228 creatures vanquished.

Grand Total: 1114 creatures vanquished

Notes
Turn   | Place    | Note
-------+----------+-------------------------------------------
     0 | D:5      | Hastur the Human Delver began the quest for the Orb.
     0 | D:5      | Reached XP level 1. HP: 18/18 MP: 1/1
     9 | D:5      | Noticed a hound
    13 | D:5      | Got a fading flail
    38 | D:4      | Noticed an orc wizard
    38 | D:4      | Noticed an orc wizard
    51 | D:5      | Noticed a water moccasin
   251 | D:4      | Noticed Ijyb
   406 | D:3      | Noticed a worker ant
   462 | D:3      | Reached XP level 2. HP: 22/24 MP: 2/2
   625 | D:2      | Found an ancient bone altar of Kikubaaqudgha.
   977 | D:2      | Reached XP level 3. HP: 26/29 MP: 3/3
  1033 | D:1      | Identified the cursed +2 flail "Impslayer" {vorpal, rF+
                  | rN+} (You found it on level 5 of the Dungeon)
  1664 | D:1      | Reached XP level 4. HP: 14/36 MP: 4/4
  2506 | D:2      | Noticed Terence
  2518 | D:2      | Killed Terence
  2703 | D:2      | Reached XP level 5. HP: 27/42 MP: 5/5
  2986 | D:2      | Found a hide-covered altar of Uskayaw.
  3460 | D:3      | Reached XP level 6. HP: 20/48 MP: 6/6
  4381 | D:4      | Found a staircase to the Ecumenical Temple.
  4386 | D:4      | Noticed a phantom
  4388 | Temple   | Entered the Ecumenical Temple
  4449 | Temple   | Became a worshipper of the Shining One
  4638 | Temple   | Killed a phantom
  4638 | Temple   | Reached skill level 5 in Fighting
  4638 | Temple   | Reached XP level 7. HP: 19/56 MP: 7/7
  4939 | D:4      | Noticed Menkaure
  5179 | D:4      | Noticed Edmund
  5219 | D:4      | Killed Edmund
  5219 | D:4      | Reached skill level 1 in Invocations
  5389 | D:4      | Killed Menkaure
  5389 | D:4      | Reached skill level 5 in Dodging
  5389 | D:4      | Reached skill level 2 in Invocations
  5630 | D:4      | Reached XP level 8. HP: 39/64 MP: 9/9
  5777 | D:4      | Noticed Eustachio
  5800 | D:4      | Reached skill level 1 in Armour
  5824 | D:4      | Killed Eustachio
  5824 | D:4      | Reached skill level 3 in Invocations
  5955 | D:4      | Killed Ijyb
  6238 | D:5      | Reached * piety under the Shining One
  6463 | D:5      | Reached skill level 4 in Invocations
  6775 | D:5      | Got a spiked leather armour
  6781 | D:5      | Identified the +1 leather armour of the Okapi {rC+} (You
                  | found it on level 5 of the Dungeon)
  7148 | D:5      | Reached XP level 9. HP: 71/71 MP: 12/12
  7149 | D:5      | Noticed Grum
  7163 | D:5      | Killed Grum
  7163 | D:5      | Reached skill level 5 in Invocations
  7543 | D:6      | Reached skill level 1 in Shields
  8084 | D:6      | Found Patesoir's Distillery.
  8268 | D:6      | Noticed Blork the orc
  8286 | D:6      | Killed Blork the orc
  8520 | D:6      | Found an ornate altar of the Wu Jian Council.
  8690 | D:7      | Reached skill level 5 in Armour
  8690 | D:7      | Reached skill level 6 in Invocations
  8757 | D:7      | Reached ** piety under the Shining One
  8869 | D:7      | Noticed a hippogriff
  8893 | D:7      | Killed a hippogriff
  8893 | D:7      | Reached XP level 10. HP: 69/80 MP: 14/14
  8980 | D:7      | Got an ancient chain mail
  9717 | D:8      | Found a blossoming altar of Fedhas.
 10043 | D:8      | Noticed a two-headed ogre
 10068 | D:8      | Killed a two-headed ogre
 10068 | D:8      | Reached skill level 7 in Invocations
 10494 | D:9      | Identified the +1 chain mail "Xiabyn" {*Contam Harm +Fly
                  | Int-3} (You found it on level 7 of the Dungeon)
 11372 | D:9      | Reached skill level 8 in Invocations
 11909 | D:9      | Reached *** piety under the Shining One
 11935 | D:9      | Reached XP level 11. HP: 45/90 MP: 17/17
 12479 | D:10     | Entered Level 10 of the Dungeon
 13122 | D:9      | Reached skill level 9 in Invocations
 13128 | D:10     | Reached skill level 10 in Fighting
 14500 | D:10     | Noticed Erica
 14514 | D:10     | Killed Erica
 14843 | D:10     | Found Ufilok's Distillery.
 16174 | D:11     | Reached **** piety under the Shining One
 16186 | D:11     | Reached skill level 10 in Invocations
 16746 | D:11     | Noticed a purple ugly thing
 16761 | D:11     | Killed a purple ugly thing
 16982 | D:11     | Reached XP level 12. HP: 97/97 MP: 19/19
 16993 | D:11     | Found a staircase to the Orcish Mines.
 17070 | D:11     | HP: 3/97 [manticore (10)]
 17553 | D:11     | Identified the amulet of Sovereignty {Reflect rPois rF-
                  | Str+3 Dex+8 SH+5}
 17740 | D:11     | Found a staircase to the Lair.
 18690 | D:11     | Reached skill level 11 in Invocations
 19709 | D:6      | Bought a potion of heal wounds for 55 gold pieces
 19839 | Lair:1   | Entered Level 1 of the Lair of Beasts
 20303 | Lair:1   | Noticed a five-headed hydra
 20318 | Lair:1   | Killed a one-headed hydra
 20430 | Lair:1   | Noticed Maggie
 20449 | Lair:1   | Killed Maggie
 20698 | Lair:1   | Reached skill level 10 in Armour
 21831 | Lair:1   | Reached skill level 12 in Invocations
 21862 | Lair:1   | Reached XP level 13. HP: 43/103 MP: 22/22
 22558 | Lair:2   | Noticed a seven-headed hydra
 22572 | Lair:2   | Killed a one-headed hydra
 23633 | Lair:2   | Reached skill level 10 in Dodging
 24552 | Lair:1   | HP: 2/103 [black mamba (10)]
 24558 | Lair:1   | Reached skill level 13 in Invocations
 26244 | Lair:2   | Noticed a fire dragon
 26271 | Lair:2   | Killed a fire dragon
 26407 | Lair:2   | Got a masterwork flail
 26425 | Lair:2   | Identified the +3 flail "Ururur" {speed, rN++ Str-4} (You
                  | found it on level 2 of the Lair of Beasts)
 26900 | Lair:2   | Found a staircase to the Swamp.
 26970 | Lair:3   | Noticed a five-headed hydra
 27473 | Lair:3   | Got a fine scale mail
 27482 | Lair:3   | Identified the +5 scale mail the Tortured Tarantula {rPois
                  | SInv} (You found it on level 3 of the Lair of Beasts)
 27501 | Lair:3   | Killed a one-headed hydra
 28430 | Lair:3   | Noticed a seven-headed hydra
 28462 | Lair:3   | Killed a one-headed hydra
 28462 | Lair:3   | Reached skill level 14 in Invocations
 29752 | Lair:4   | Reached XP level 14. HP: 66/114 MP: 24/24
 30065 | Lair:4   | Found a staircase to the Snake Pit.
 34604 | Lair:5   | You fall into a shaft and drop 1 floor!
 34604 | Lair:6   | Entered Level 6 of the Lair of Beasts
 37497 | Lair:5   | HP: 6/121 [poisoned by a cane toad]
 37502 | Lair:5   | HP: 5/121 [poisoned by a cane toad]
 37508 | Lair:5   | HP: 4/121 [poisoned by a cane toad]
 37516 | Lair:5   | HP: 5/121 [poisoned by a cane toad]
 38282 | Lair:6   | Reached XP level 15. HP: 72/127 MP: 26/26
 38315 | Lair:6   | Reached skill level 15 in Invocations
 39941 | Lair:6   | Reached ***** piety under the Shining One
 40176 | Lair:6   | Got a fading spear
 40177 | Lair:6   | Identified the cursed +1 spear of Querem {freeze, Stlth+}
                  | (You found it on level 6 of the Lair of Beasts)
 40528 | Lair:6   | Found a viscous altar of Jiyva.
 40528 | Lair:6   | Found a staircase to the Slime Pits.
 40754 | Orc:1    | Entered Level 1 of the Orcish Mines
 40898 | Orc:1    | Found a burning altar of Makhleb.
 40907 | Orc:1    | Upgraded the game from 0.26-a0-602-gd42a14c23b to
                  | 0.26-a0-606-g3c8f2f65f7
 40949 | Orc:1    | Found a runed translucent gate.
 40952 | Orc:1    | Found a runed translucent gate.
 40952 | Orc:1    | Noticed Tinttamiau's ghost (journeyman DrAE)
 40953 | Orc:1    | Found a runed translucent gate.
 40958 | Orc:1    | Found an iron altar of Okawaru.
 41142 | Orc:2    | Entered Level 2 of the Orcish Mines
 41168 | Orc:1    | Paralysed by an orc sorcerer for 4 turns
 42391 | Orc:1    | Reached skill level 15 in Fighting
 42524 | Orc:2    | Found a staircase to the Elven Halls.
 42524 | Orc:2    | Found Davo Doties's Antique Armour Shoppe.
 42640 | Orc:1    | Found a roughly hewn altar of Beogh.
 42785 | Orc:2    | Found Biygg's General Store.
 42861 | Orc:2    | Found Bofaenlu's General Store.
 43265 | Orc:2    | Paralysed by an orc sorcerer for 7 turns
 44005 | Orc:2    | Paralysed by an orc sorcerer for 6 turns
 44310 | Orc:2    | Reached skill level 16 in Invocations
 45117 | Orc:2    | Reached ****** piety under the Shining One
 47272 | Orc:2    | Found Titygin's Gadget Shoppe.
 47272 | Orc:2    | Found a one-way gate leading to the halls of Pandemonium.
 47272 | Orc:2    | Found Folumioni's Antique Armour Emporium.
 47324 | Orc:2    | Bought a scroll of acquirement for 676 gold pieces
 47325 | Orc:2    | Acquired 3210 gold pieces
 47361 | Orc:2    | Bought an embroidered cloak for 232 gold pieces
 47431 | Orc:2    | Bought a pair of runed boots for 202 gold pieces
 47487 | Orc:2    | Bought a polished plate armour for 868 gold pieces
 47487 | Orc:2    | Identified the +8 plate armour "Ziofutoj" {rPois} (You
                  | bought it in a shop on level 2 of the Orcish Mines)
 47864 | D:12     | Noticed Sonja
 47875 | D:12     | Killed Sonja
 47925 | D:12     | Found Waaxumay's General Store.
 47928 | D:12     | Bought a scroll of teleportation for 54 gold pieces
 47953 | D:12     | Reached skill level 1 in Long Blades
 48124 | D:12     | Noticed Josephine
 48134 | D:12     | Killed Josephine
 48671 | D:12     | Noticed Fannar
 48700 | D:12     | Killed Fannar
 48809 | D:12     | Found a radiant altar of Vehumet.
 48871 | D:12     | Reached XP level 16. HP: 136/136 MP: 28/28
 49261 | D:12     | Noticed Frances
 49313 | D:12     | Killed Frances
 49313 | D:12     | Reached skill level 5 in Long Blades
 49773 | D:13     | Found a runed translucent gate.
 49773 | D:13     | Found a runed translucent gate.
 49775 | D:13     | Found a runed translucent gate.
 50146 | D:13     | Found a gate to the Vaults.
 50607 | D:13     | Noticed Jorgrun
 50624 | D:13     | Killed Jorgrun
 51099 | D:14     | Found a frozen archway.
 51107 | IceCv    | Entered an ice cave
 52054 | IceCv    | Reached skill level 10 in Long Blades
 52068 | IceCv    | Got a shimmering brass amulet
 52128 | IceCv    | Identified the amulet of the Turtle {Spirit rElec rC+
                  | Stlth-} (You found it in an ice cave)
 52676 | D:14     | Found a sacrificial altar of Ru.
 52746 | D:14     | Found a runed translucent door.
 52824 | D:14     | Noticed Gichani's ghost (journeyman OpVM)
 53269 | D:15     | Entered Level 15 of the Dungeon
 54105 | D:15     | Reached XP level 17. HP: 142/142 MP: 29/29
 55399 | D:15     | Found a staircase to the Depths.
 55664 | Snake:1  | Entered Level 1 of the Snake Pit
 57665 | Snake:1  | Identified the +2 robe "Vycwin" {*Slow rC+ MR+ Str+6}
 57677 | Snake:1  | HP: 7/142 [salamander/+0 halberd (8)]
 57677 | Snake:1  | Mangled by a salamander

Illustrated notes

Levels and vault maps discovered:
D:1:      dpeg_arrival_simpleton_c, layout_basic, minmay_ruptured
D:2:      layout_loops_ring, kiku_gazebo_garden_becter, marbit_many_paths,
          uniq_terence
D:3:      layout_basic
D:4:      layout_rooms, minmay_temple_entry_butterflies, uniq_edmund, uniq_ijyb,
          uniq_eustachio, uniq_menkaure
D:5:      layout_cave_pools, serial_gnoll_camp, gnoll_camp_mini_loothouse,
          gnoll_camp_mini_hut, gnoll_camp_mini_basic, grums_kennel
D:6:      layout_cave_pools, kennysheep_little_box, serial_shops, shop_statue,
          minmay_misc_feat_encased, uniq_blork_the_orc
D:7:      layout_cave_pods
D:8:      layout_cave_pools, lemuel_doored_altar
D:9:      layout_basic
D:10:     layout_irregular_city, serial_shops, kennysheep_mini, worms_lemuel,
          uniq_erica
D:11:     layout_loops_ring, minmay_lair_entry_grove, orc_0_dummy
D:12:     layout_long_grid, serial_shops, nicolae_shop_behind_doors,
          basic_altar, grunt_ministairs_12, minmay_joined_circles, uniq_fannar,
          uniq_josephine, uniq_sonja, uniq_frances
D:13:     layout_loops_ring, david_vaults_2,
          ploomutoo_gammafunk_ghost_potion_laboratory, uniq_jorgrun
D:14:     layout_roguey, serial_ice, serial_ice_b, serial_ice_h, serial_ice_j,
          serial_ice_c, portal_ice_cave_entry_pillars_1,
          ebering_ghost_reflecting_pool, basic_altar
D:15:     gammafunk_enter_depths_forms, layout_loops_ring, hangedman_glass_teeth
Temple:   compressed_dpeg_circular_temple
Lair:1:   layout_regular_city, chequers_serial_rivers_micro_b, uniq_grum,
          uniq_maggie
Lair:2:   dragon1_lemuel, layout_regular_city,
          nicolae_swamp_entry_splash_gauntlet
Lair:3:   layout_chaotic_city, lemuel_fruit_tree, infiniplex_staircase_pool_2,
          grunt_megastairs_3
Lair:4:   layout_misc_corridors, guppyfry_snake_entry_island, special_room
          [special_room_bee], beast_lair_carwin_8
Lair:5:   layout_cave_pods, grunt_megastairs_2
Lair:6:   minmay_lair_end_frog_pond, layout_gridlike, slime_altar_1,
          kennysheep_rathole
Snake:1:  layout_cave_shapes
Orc:1:    layout_diamond_mine, gammafunk_ghost_fury_of_okawaru, basic_altar,
          bloody_makhleb
Orc:2:    pf_orc_diabolical, layout_diamond_mine, serial_shops, shop

Skill      XL: |  1  2  3  4  5  6  7  8  9 10 11 12 13 14 15 16 17 |
---------------+----------------------------------------------------+-----
Dodging        | 3 4 5 6 9 10 | 10.0
Maces & Flails | 3 4 |  4.0
Fighting       | 4 5 6 8 9 10 11 14 15 | 15.0
Invocations    | 2 4 6 8 10 12 14 16 | 16.0
Armour         | 3 5 6 8 10 12 | 12.0
Shields        | 4 |  4.0
Long Blades    | 3 11 13 | 13.4
Stealth        | |  5.0

Action                   |  1- 3 |  4- 6 |  7- 9 | 10-12 | 13-15 | 16-18 || total
-------------------------+-------+-------+-------+-------+-------+-------++-------
Melee: Mace              |   141 |    99 |    81 |    72 |       |       ||   393
       Dagger            |       |    10 |   285 |   758 |  1848 |       ||  2901
       Flail             |       |       |       |   177 |   160 |       ||   337
       Scimitar          |       |       |       |     7 |    33 |   167 ||   207
       Long sword        |       |       |       |       |   126 |   716 ||   842
Throw: Stone             |     1 |       |       |       |       |       ||     1
       Dart              |       |    40 |     4 |       |    18 |     1 ||    63
Invok: Divine Shield     |       |       |       |     4 |    13 |     4 ||    21
       Cleansing Flame   |       |       |       |       |     8 |       ||     8
       Summon Divine War |       |       |       |       |       |     1 ||     1
Evoke: Wand              |       |     2 |     3 |     3 |     8 |       ||    16
  Use: Scroll            |     3 |     5 |     8 |     5 |    20 |     6 ||    47
       Potion            |       |       |       |     9 |     5 |       ||    14
 Stab: Sleeping          |     7 |     7 |       |       |       |       ||    14
Armor: Ring mail         |    51 |    30 |   124 |   277 |       |       ||   482
       Leather armour    |     2 |       |       |       |       |       ||     2
       Swamp dragon scal |       |       |       |    50 |    96 |       ||   146
       Skin              |       |       |       |    32 |       |       ||    32
       Scale mail        |       |       |       |       |   505 |       ||   505
       Plate armour      |       |       |       |       |   119 |   490 ||   609
Dodge: Dodged            |    82 |    57 |   240 |   667 |  1296 |   457 ||  2799
Block: Buckler           |       |       |       |   304 |   627 |   214 ||  1145
       Rpst.: Scimitar   |       |       |       |     1 |     3 |    26 ||    30
       Long sword        |       |       |       |       |    20 |    68 ||    88

Table legend: (Time is in decaauts)
 A = Elapsed time spent in this place.
 B = Non-inter-level travel time spent in this place.
 C = Inter-level travel time spent in this place.
 D = Time resting spent in this place.
 E = Time spent auto-exploring this place.
 F = Levels seen in this place.
 G = Mean time per level.
                   A        B        C        D        E       F      G
               +--------+--------+--------+--------+--------+-----+--------+
         Total |  57943 |  56332 |   1611 |  26354 |  16421 |  26 | 2228.6 |
       Dungeon |  25998 |  25123 |    875 |   8953 |  10062 |  15 | 1733.2 |
        Temple |    463 |    441 |     22 |    192 |      0 |   1 |  463.0 |
          Lair |  22246 |  21798 |    448 |  12168 |   5062 |   6 | 3707.7 |
     Snake Pit |    816 |    816 |      0 |    538 |     81 |   1 |  816.0 |
  Orcish Mines |   7119 |   6853 |    266 |   3847 |    894 |   2 | 3559.5 |
      Ice Cave |   1300 |   1300 |      0 |    654 |    322 |   1 | 1300.0 |
               +--------+--------+--------+--------+--------+-----+--------+

Top non-repeatable levels by time:
  Lair:4: 5590 daAuts
   Orc:2: 4848 daAuts
  Lair:1: 4318 daAuts
    D:11: 3675 daAuts
  Lair:6: 3547 daAuts
  Lair:5: 3394 daAuts
     D:9: 3124 daAuts
  Lair:2: 3022 daAuts
  Lair:3: 2373 daAuts
    D:10: 2306 daAuts
   Orc:1: 2271 daAuts
    D:15: 2222 daAuts
    D:12: 1816 daAuts
     D:3: 1801 daAuts
     D:2: 1503 daAuts
